[Event "FIDE WYCC Open U14 2023"]
[Site "Montesilvano"]
[Date "2023.11.15"]
[Round "3.9"]
[White "Fan, Jingyi"]
[Black "Rustamov, Rustam"]
[Result "0-1"]
[ECO "A46"]
[WhiteElo "2035"]
[BlackElo "2229"]
[Annotator "ChessBase"]
[PlyCount "158"]
[EventDate "2023.11.13"]
[EventType "swiss"]
[EventCountry "ITA"]
[SourceTitle "playchess.com"]
[Source "ChessBase"]
[SourceQuality "1"]
[TimeControl "40/5400+30:1800+30"]

1. d4 Nf6 2. Nf3 e6 3. Bf4 d5 4. e3 Bd6 5. Bd3 c5 6. dxc5 Bxf4 7. exf4 Qc7 8. g3 Qxc5 9. O-O O-O 10. Nbd2 b6 11. Qe2 Bb7 12. Rfe1 Nbd7 13. c3 Rfe8 14. Rad1 Qc7 15. Ne5 Nc5 16. Bc2 Rad8 17. Nb3 Ba6 18. Qe3 Na4 19. Rb1 b5 20. g4 Ne4 21. f3 Nd6 22. Nd4 Nc4 23. Nxc4 dxc4 24. f5 Qc5 25. fxe6 fxe6 26. Qe4 g6 27. Bxa4 bxa4 28. Qe5 Rd5 29. Qf6 Bc8 30. Qf4 Rf8 31. Qe3 e5 32. Nc2 Rxf3 33. Qxc5 Rxc5 34. Ne3 Rf4 35. h3 h5 36. Rbd1 Be6 37. Rd6 Kf7 38. Ra6 hxg4 39. Rxa7+ Kf6 40. hxg4 Bxg4 41. Rxa4 Bf3 42. Rf1 e4 43. Kf2 Rg5 44. Ke1 Rh4 45. Rxc4 Rg3 46. Rf2 Rh1+ 47. Kd2 Kg7 48. a4 Rgg1 49. Rd4 g5 50. a5 Ra1 51. Nc2 Rxa5 52. Ne1 Re5 53. Rxf3 Rh2+ 54. Kd1 Ra5 55. Rd2 Ra1+ 56. Kc2 Rxd2+ 57. Kxd2 exf3 58. Nxf3 Kf6 59. Ke3 Ra2 60. b4 g4 61. Nd2 Ke5 62. Ne4 Rc2 63. b5 Rb2 64. Nf2 Kf5 65. Nxg4 Kxg4 66. c4 Kf5 67. Kd4 Ke6 68. Kc5 Kd7 69. Kb6 Kc8 70. c5 Kb8 71. Ka6 Ra2+ 72. Kb6 Rh2 73. Ka6 Rh6+ 74. c6 Kc7 75. Ka7 Rh1 76. b6+ Kxc6 77. b7 Ra1+ 78. Kb8 Rb1 79. Ka8 Kc7 0-1

[Event "FIDE WYCC Open U14 2023"]
[Site "Montesilvano"]
[Date "2023.11.15"]
[Round "3.10"]
[White "Haug, Havard"]
[Black "Escudero Ribo, Eloi"]
[Result "1/2-1/2"]
[ECO "B22"]
[WhiteElo "2223"]
[BlackElo "1929"]
[Annotator "ChessBase"]
[PlyCount "109"]
[EventDate "2023.11.13"]
[EventType "swiss"]
[EventCountry "ITA"]
[SourceTitle "playchess.com"]
[Source "ChessBase"]
[SourceQuality "1"]
[TimeControl "40/5400+30:1800+30"]

1. e4 c5 2. c3 d5 3. exd5 Qxd5 4. d4 e6 5. Nf3 Nf6 6. Na3 Nc6 7. Be3 cxd4 8. Nb5 Qd7 9. Nbxd4 Be7 10. Nxc6 Qxc6 11. Ne5 Qe4 12. Bb5+ Kf8 13. Nf3 Nd5 14. Bd3 Nxe3 15. Bxe4 Nxd1 16. Rxd1 f5 17. Bc2 Bf6 18. O-O Ke7 19. Rfe1 g6 20. Bb3 Bd7 21. Ne5 Bxe5 22. Rxe5 Rhe8 23. f4 Rad8 24. Kf2 Kf6 25. h4 h6 26. Re3 Bc8 27. Rd4 Rxd4 28. cxd4 Rd8 29. Rc3 b6 30. Rc7 Bd7 31. Ke3 a5 32. a3 g5 33. hxg5+ hxg5 34. g3 gxf4+ 35. gxf4 Rh8 36. Bc4 Rh3+ 37. Kd2 Be8 38. Rb7 Rh2+ 39. Kc3 Rh3+ 40. Kc2 Ba4+ 41. b3 b5 42. Bxe6 Kxe6 43. bxa4 bxa4 44. Rb5 Rxa3 45. Rxa5 Ra2+ 46. Kc3 Ra3+ 47. Kc4 Rf3 48. Rxa4 Rxf4 49. Ra6+ Ke7 50. Kd5 Re4 51. Ra7+ Ke8 52. Kd6 Rxd4+ 53. Ke5 Rd7 54. Rxd7 Kxd7 55. Kxf5 1/2-1/2

[Event "FIDE WYCC Open U14 2023"]
[Site "Montesilvano"]
[Date "2023.11.15"]
[Round "3.11"]
[White "Banh Gia Huy"]
[Black "Gut, Lionel"]
[Result "1-0"]
[ECO "D02"]
[WhiteElo "2397"]
[BlackElo "2113"]
[Annotator "RC"]
[PlyCount "91"]
[EventDate "2023.11.13"]
[EventType "swiss"]
[EventCountry "ITA"]
[SourceTitle "playchess.com"]
[Source "ChessBase"]
[SourceQuality "1"]
[TimeControl "40/5400+30:1800+30"]

1. d4 Nf6 2. Bf4 d5 3. Nf3 c5 4. e3 Nc6 5. Nbd2 Nh5 6. dxc5 Nxf4 7. exf4 g6 8. c3 Bh6 9. g3 O-O 10. Nb3 a5 11. Nbd4 a4 12. Bb5 Nxd4 13. Nxd4 a3 14. b4 f6 15. f5 Qc7 16. O-O gxf5 17. Qf3 e6 18. Rae1 Qf7 19. Re2 Kh8 20. Rfe1 e5 21. Nxf5 Bxf5 22. Qxf5 Rad8 23. Rd1 Qg6 24. Qe6 Qf7 25. Qxf7 Rxf7 26. c6 Rd6 27. cxb7 Rxb7 28. c4 d4 29. c5 Rd8 30. Ba6 Rc7 31. Bd3 Rb8 32. Rb1 Kg8 33. Rc2 Bf8 34. Rb3 Kf7 35. Rc4 Ra8 36. Be4 Ra4 37. Bd5+ Ke7 38. f4 Kd7 39. Rc2 Rc8 40. fxe5 fxe5 41. Kg2 Kc7 42. b5 Ra5 43. Be4 Rb8 44. b6+ Kc8 45. c6 Rc5 46. Bf5+ 1-0

[Event "FIDE WYCC Open U14 2023"]
[Site "Montesilvano"]
[Date "2023.11.15"]
[Round "3.12"]
[White "Uskov, Artem"]
[Black "Morkunas, Gustas"]
[Result "1-0"]
[ECO "E62"]
[WhiteElo "2380"]
[BlackElo "2052"]
[Annotator "RC"]
[PlyCount "91"]
[EventDate "2023.11.13"]
[EventType "swiss"]
[EventCountry "ITA"]
[SourceTitle "playchess.com"]
[Source "ChessBase"]
[SourceQuality "1"]
[TimeControl "40/5400+30:1800+30"]

1. c4 Nf6 2. Nf3 g6 3. d4 Bg7 4. g3 O-O 5. Bg2 d6 6. Nc3 Nc6 7. d5 Na5 8. b3 c5 9. Bb2 b6 10. O-O Nb7 11. Re1 e5 12. dxe6 fxe6 13. Qc2 Qe7 14. Rad1 Rb8 15. Nb5 a6 16. Nxd6 Nxd6 17. Rxd6 Qxd6 18. Be5 Qe7 19. Bxb8 Bb7 20. Be5 Rd8 21. Rd1 Ne8 22. Bxg7 Nxg7 23. Rd2 Nf5 24. Qd1 Rxd2 25. Qxd2 e5 26. Qg5 Qd6 27. Qd2 Qe7 28. Ne1 e4 29. e3 b5 30. cxb5 axb5 31. Bf1 Bc6 32. Qc3 Qd6 33. a3 h5 34. Ng2 Ng7 35. h4 Kh7 36. Nf4 Nf5 37. Nh3 Ne7 38. a4 Nd5 39. Ng5+ Kg8 40. Qd2 bxa4 41. bxa4 Qe5 42. a5 Kg7 43. a6 Qa1 44. Kg2 Qf6 45. Qa5 Qf5 46. a7 1-0

[Event "FIDE WYCC Open U14 2023"]
[Site "Montesilvano"]
[Date "2023.11.15"]
[Round "3.13"]
[White "Arca, Christian Gian Karlo"]
[Black "Bolat, Inayat"]
[Result "1/2-1/2"]
[ECO "E65"]
[WhiteElo "2347"]
[BlackElo "2088"]
[Annotator "RC"]
[PlyCount "88"]
[EventDate "2023.11.13"]
[EventType "swiss"]
[EventCountry "ITA"]
[SourceTitle "playchess.com"]
[Source "ChessBase"]
[SourceQuality "1"]
[TimeControl "40/5400+30:1800+30"]

1. d4 Nf6 2. Nf3 g6 3. g3 Bg7 4. Bg2 O-O 5. O-O d6 6. c4 c5 7. Nc3 Nc6 8. dxc5 dxc5 9. Be3 Be6 10. Qa4 Nd4 11. Rad1 Bd7 12. Qa3 Nc2 13. Qxc5 b6 14. Qg5 h6 15. Qf4 g5 16. Qe5 Rc8 17. Nd5 Nxd5 18. Qxd5 Nxe3 19. fxe3 Bc6 20. Qxd8 Rfxd8 21. b3 b5 22. Nd2 bxc4 23. Nxc4 Bb5 24. Rxd8+ Rxd8 25. Rf5 Rd1+ 26. Kf2 a6 27. Rd5 Ra1 28. Rd8+ Bf8 29. a4 Bxc4 30. bxc4 Rc1 31. Rc8 e6 32. a5 Kg7 33. Bb7 Bb4 34. Bxa6 Ra1 35. Bb5 Rxa5 36. g4 Kf6 37. Rc7 Bd6 38. Rb7 Bc5 39. Be8 Ra7 40. Rxa7 Bxa7 41. Kf3 Ke7 42. Ba4 Kd6 43. Ke4 f6 44. h3 Bc5 1/2-1/2

[Event "FIDE WYCC Open U14 2023"]
[Site "Montesilvano"]
[Date "2023.11.15"]
[Round "3.14"]
[White "Georgiadis, Anastasios"]
[Black "Sowinski, Pawel"]
[Result "0-1"]
[ECO "E71"]
[WhiteElo "2001"]
[BlackElo "2347"]
[Annotator "RC"]
[PlyCount "66"]
[EventDate "2023.11.13"]
[EventType "swiss"]
[EventCountry "ITA"]
[SourceTitle "playchess.com"]
[Source "ChessBase"]
[SourceQuality "1"]
[TimeControl "40/5400+30:1800+30"]

1. d4 Nf6 2. c4 g6 3. Nc3 Bg7 4. e4 d6 5. h3 O-O 6. Be3 e5 7. d5 Na6 8. g4 Nc5 9. f3 c6 10. Qd2 cxd5 11. cxd5 Ne8 12. O-O-O Qa5 13. Kb1 Bd7 14. h4 Rb8 15. Nb5 Qb6 16. Na3 f5 17. gxf5 gxf5 18. Bd3 fxe4 19. Bxe4 Nf6 20. Bc2 Nh5 21. Nh3 Rxf3 22. Ng5 Rxe3 23. Bxh7+ Kh8 24. Nc4 Qa6 25. Nxe3 Rf8 26. Qc2 Nf4 27. Bf5 Ba4 28. b3 e4 29. Qc4 Bb5 30. Qc2 Ne2 31. a4 Nc3+ 32. Kc1 Bd3 33. Rxd3 exd3 0-1

[Event "FIDE WYCC Open U14 2023"]
[Site "Montesilvano"]
[Date "2023.11.15"]
[Round "3.15"]
[White "Dotzer, Lukas"]
[Black "Pleschke, Julius Jonas"]
[Result "1/2-1/2"]
[ECO "B48"]
[WhiteElo "2339"]
[BlackElo "2024"]
[Annotator "RC"]
[PlyCount "60"]
[EventDate "2023.11.13"]
[EventType "swiss"]
[EventCountry "ITA"]
[SourceTitle "playchess.com"]
[Source "ChessBase"]
[SourceQuality "1"]
[TimeControl "40/5400+30:1800+30"]

1. e4 c5 2. Nf3 e6 3. d4 cxd4 4. Nxd4 Nc6 5. Nc3 Qc7 6. Be3 a6 7. g4 h6 8. f4 b5 9. Nxc6 Qxc6 10. Bg2 Bb7 11. a3 Rc8 12. Qd3 Qc4 13. O-O Bc5 14. Rfe1 Qxd3 15. cxd3 Bxe3+ 16. Rxe3 Ne7 17. Kf2 g5 18. f5 e5 19. h4 f6 20. Rh1 Kf7 21. Reh3 Kg7 22. hxg5 hxg5 23. Rxh8 Rxh8 24. Rxh8 Kxh8 25. Nd5 Bxd5 26. exd5 Nc8 27. Ke3 Nd6 28. Bf1 a5 29. b4 a4 30. d4 e4 1/2-1/2

[Event "FIDE WYCC Open U14 2023"]
[Site "Montesilvano"]
[Date "2023.11.15"]
[Round "3.16"]
[White "Perossa, Nicolas"]
[Black "Demirtas, Alper"]
[Result "1-0"]
[ECO "C18"]
[WhiteElo "2330"]
[BlackElo "2034"]
[Annotator "RC"]
[PlyCount "75"]
[EventDate "2023.11.13"]
[EventType "swiss"]
[EventCountry "ITA"]
[SourceTitle "playchess.com"]
[Source "ChessBase"]
[SourceQuality "1"]
[TimeControl "40/5400+30:1800+30"]

1. e4 e6 2. d4 d5 3. Nc3 Bb4 4. e5 c5 5. a3 Bxc3+ 6. bxc3 Ne7 7. Qg4 Qc7 8. Bd3 c4 9. Be2 Nf5 10. h4 Nc6 11. Rh3 Bd7 12. h5 O-O-O 13. h6 Rdg8 14. Qf3 gxh6 15. Kf1 Rg6 16. Qf4 Rhg8 17. Rh2 Qd8 18. Bh5 R6g7 19. Nf3 Qa5 20. Bd2 Qa4 21. Ne1 Qb5 22. g4 Nfxd4 23. a4 Qa6 24. Be3 Nb5 25. axb5 Qxa1 26. bxc6 Bxc6 27. Qd4 a5 28. Qa7 Qxc3 29. Bxf7 Qxe5 30. Rh5 Qf6 31. Bxg8 Rxg4 32. Rxh6 Rg6 33. Qa8+ Kd7 34. Rxh7+ Rg7 35. Rxg7+ Qxg7 36. Bb6 Qg5 37. Nf3 Qf6 38. Ne5+ 1-0

[Event "FIDE WYCC Open U14 2023"]
[Site "Montesilvano"]
[Date "2023.11.15"]
[Round "3.17"]
[White "Kazantzoglou, Stefanos"]
[Black "George Micheal, Kevin"]
[Result "1-0"]
[ECO "B23"]
[WhiteElo "2031"]
[BlackElo "2317"]
[Annotator "RC"]
[PlyCount "122"]
[EventDate "2023.11.13"]
[EventType "swiss"]
[EventCountry "ITA"]
[SourceTitle "playchess.com"]
[Source "ChessBase"]
[SourceQuality "1"]
[TimeControl "40/5400+30:1800+30"]

1. e4 c5 2. Nc3 e6 3. d4 cxd4 4. Qxd4 Nc6 5. Qd3 Nf6 6. Bf4 Bb4 7. a3 Bxc3+ 8. Qxc3 O-O 9. f3 d5 10. O-O-O d4 11. Qc5 e5 12. Bg3 Be6 13. Kb1 Nd7 14. Qb5 Qc7 15. Nh3 a6 16. Qe2 Nc5 17. Nf2 Na4 18. Nd3 b5 19. f4 Rfb8 20. f5 b4 21. fxe6 Nc3+ 22. bxc3 Qa5 23. exf7+ Kf8 24. cxb4 Qxa3 25. Be1 a5 26. Nc5 Nxb4 27. Nd7+ Ke7 28. f8=Q+ Rxf8 29. Qc4 Kxd7 30. Qb3 Qxb3+ 31. cxb3 Rf4 32. Bb5+ Ke6 33. Rf1 Raf8 34. Bxb4 axb4 35. Be2 R8f6 36. Rxf4 Rxf4 37. Bf3 g5 38. h3 h5 39. Re1 g4 40. hxg4 hxg4 41. Bd1 Kf6 42. g3 Rf2 43. Bxg4 Kg5 44. Bd1 Kg6 45. Rg1 Rd2 46. Kc1 Rd3 47. Kc2 Re3 48. Kd2 Kg5 49. Bc2 Kg4 50. Bd3 Rxg3 51. Be2+ Kf4 52. Rxg3 Kxg3 53. Kd3 Kg2 54. Kc4 Kf2 55. Bd3 Ke3 56. Bb1 Ke2 57. Kxb4 d3 58. Kc3 d2 59. Bc2 d1=Q 60. Bxd1+ Kxd1 61. Kd3 Kc1 1-0

[Event "FIDE WYCC Open U14 2023"]
[Site "Montesilvano"]
[Date "2023.11.15"]
[Round "3.18"]
[White "Lissillour, Baptiste"]
[Black "Pehar, Borna"]
[Result "1-0"]
[ECO "B32"]
[WhiteElo "2298"]
[BlackElo "1985"]
[Annotator "RC"]
[PlyCount "65"]
[EventDate "2023.11.13"]
[EventType "swiss"]
[EventCountry "ITA"]
[SourceTitle "playchess.com"]
[Source "ChessBase"]
[SourceQuality "1"]
[TimeControl "40/5400+30:1800+30"]

1. e4 c5 2. Nf3 Nc6 3. d4 cxd4 4. Nxd4 e5 5. Nb5 d6 6. c4 g6 7. Bd3 Be6 8. O-O Nf6 9. N1c3 a6 10. Na3 Bg7 11. b3 O-O 12. Nc2 Rc8 13. Bb2 Nh5 14. g3 Bh3 15. Re1 Nf6 16. Qd2 Ng4 17. Bf1 Bxf1 18. Rxf1 Bh6 19. Qe2 Nf6 20. Rad1 Qc7 21. f4 exf4 22. gxf4 Rfe8 23. Qf3 Qe7 24. Rfe1 Nh5 25. Nd5 Qh4 26. Rf1 f5 27. exf5 gxf5 28. Qxh5 Qxh5 29. Nf6+ Kf7 30. Nxh5 Re2 31. Rf2 Rg8+ 32. Kf1 Re4 33. Nf6 1-0

[Event "FIDE WYCC Open U14 2023"]
[Site "Montesilvano"]
[Date "2023.11.15"]
[Round "3.19"]
[White "Radzimski, Antoni"]
[Black "Zienkiewicz, Jan"]
[Result "1-0"]
[ECO "D35"]
[WhiteElo "1904"]
[BlackElo "2296"]
[Annotator "RC"]
[PlyCount "71"]
[EventDate "2023.11.13"]
[EventType "swiss"]
[EventCountry "ITA"]
[SourceTitle "playchess.com"]
[Source "ChessBase"]
[SourceQuality "1"]
[TimeControl "40/5400+30:1800+30"]

1. d4 Nf6 2. c4 e6 3. Nc3 d5 4. cxd5 exd5 5. Bg5 Bb4 6. e3 h6 7. Bh4 g5 8. Bg3 h5 9. h4 Ne4 10. Nge2 Bg4 11. Qb3 Nxg3 12. Nxg3 Nc6 13. Nge2 Rh6 14. f3 Bf5 15. O-O-O Rd6 16. g4 Bxc3 17. Nxc3 Be6 18. hxg5 Qxg5 19. Nb5 Rd7 20. Rxh5 Qf6 21. g5 Qg7 22. Bd3 O-O-O 23. Rg1 a6 24. Nc3 Nxd4 25. exd4 Qxd4 26. Qd1 Rd6 27. g6 fxg6 28. Rxg6 Qf4+ 29. Kb1 d4 30. Rxe6 dxc3 31. Rxd6 Rxd6 32. Rh8+ Kd7 33. Qe2 Rb6 34. Qe8+ Kd6 35. Qd8+ Kc5 36. Rh5+ 1-0

[Event "FIDE WYCC Open U14 2023"]
[Site "Montesilvano"]
[Date "2023.11.15"]
[Round "3.20"]
[White "Tamer Waguih, Farid"]
[Black "Cieslak, Patryk"]
[Result "1/2-1/2"]
[ECO "D02"]
[WhiteElo "1893"]
[BlackElo "2284"]
[Annotator "ChessBase"]
[PlyCount "67"]
[EventDate "2023.11.13"]
[EventType "swiss"]
[EventCountry "ITA"]
[SourceTitle "playchess.com"]
[Source "ChessBase"]
[SourceQuality "1"]
[TimeControl "40/5400+30:1800+30"]

1. d4 d5 2. Bf4 Nf6 3. Nf3 c5 4. e3 Nc6 5. Be2 Qb6 6. Nc3 a6 7. O-O cxd4 8. exd4 Bg4 9. Na4 Qd8 10. Nc5 Qc8 11. c3 e6 12. Nd3 Be7 13. Nfe5 Bxe2 14. Qxe2 O-O 15. Kh1 Nxe5 16. Nxe5 Nd7 17. Rae1 b5 18. Qh5 Nf6 19. Qh4 Ra7 20. Re3 Ne4 21. Qh5 f6 22. Nd3 g6 23. Qe2 e5 24. dxe5 g5 25. Bg3 f5 26. f4 g4 27. Rd1 h5 28. Nc1 Qc6 29. Nb3 Rd7 30. Red3 Qh6 31. Qe3 Rfd8 32. Nd4 Rf8 33. Nb3 Rfd8 34. Nd4 1/2-1/2

[Event "FIDE WYCC Open U14 2023"]
[Site "Montesilvano"]
[Date "2023.11.15"]
[Round "3.21"]
[White "Matyassy, Lazar"]
[Black "Coicev, Matei-Andrei"]
[Result "1-0"]
[ECO "B96"]
[WhiteElo "2281"]
[BlackElo "2006"]
[Annotator "ChessBase"]
[PlyCount "105"]
[EventDate "2023.11.13"]
[EventType "swiss"]
[EventCountry "ITA"]
[SourceTitle "playchess.com"]
[Source "ChessBase"]
[SourceQuality "1"]
[TimeControl "40/5400+30:1800+30"]

1. e4 c5 2. Nf3 d6 3. d4 cxd4 4. Nxd4 Nf6 5. Nc3 a6 6. Bg5 e6 7. f4 Nbd7 8. Qe2 Qc7 9. O-O-O b5 10. a3 Rb8 11. g4 Be7 12. Bxf6 Nxf6 13. g5 Nd7 14. f5 Bxg5+ 15. Kb1 Nc5 16. fxe6 Bxe6 17. Nf5 Kf8 18. Nd5 Bxd5 19. Rxd5 b4 20. a4 Bf6 21. Qc4 Be5 22. Bh3 Ne6 23. Qxc7 Nxc7 24. Rdd1 Ne8 25. Bf1 g6 26. Nd4 Nc7 27. Nc6 Rb6 28. Nxe5 dxe5 29. Rd7 Rc6 30. b3 Ke8 31. Bh3 Ne6 32. Bxe6 Rxe6 33. Rb7 Kf8 34. Rf1 Re7 35. Rxb4 Kg7 36. Rb6 Rd8 37. Rxa6 f5 38. exf5 gxf5 39. Rxf5 e4 40. Rg5+ Kf7 41. Rh6 Rd1+ 42. Kb2 Ke8 43. Rhh5 Rd6 44. Re5 Rde6 45. Rxe6 Rxe6 46. Kc1 e3 47. Kd1 e2+ 48. Ke1 Kd8 49. Rxh7 Rc6 50. Kxe2 Rxc2+ 51. Kd3 Rb2 52. Kc4 Kc8 53. h4 1-0

[Event "FIDE WYCC Open U14 2023"]
[Site "Montesilvano"]
[Date "2023.11.15"]
[Round "3.22"]
[White "Dhruva Thota"]
[Black "Panda, Barnabas"]
[Result "1-0"]
[ECO "B43"]
[WhiteElo "2192"]
[BlackElo "1905"]
[Annotator "ChessBase"]
[PlyCount "97"]
[EventDate "2023.11.13"]
[EventType "swiss"]
[EventCountry "ITA"]
[SourceTitle "playchess.com"]
[Source "ChessBase"]
[SourceQuality "1"]
[TimeControl "40/5400+30:1800+30"]

1. e4 c5 2. Nf3 e6 3. d4 cxd4 4. Nxd4 a6 5. Nc3 b5 6. Bd3 Bb7 7. a4 b4 8. Na2 Nc6 9. Be3 d5 10. Nxc6 Bxc6 11. Qf3 dxe4 12. Bxe4 Bxe4 13. Qxe4 Nf6 14. Qc6+ Nd7 15. Rd1 Qc8 16. Qf3 Nf6 17. c4 Rb8 18. b3 Be7 19. h4 Qb7 20. Qxb7 Rxb7 21. Bd4 Ne4 22. h5 f6 23. f3 Nc3 24. Rd2 e5 25. Be3 Nxa4 26. bxa4 b3 27. Nc3 Bb4 28. Nb1 Ke7 29. Ke2 Bxd2 30. Nxd2 Rc8 31. a5 Rb4 32. Rb1 g6 33. hxg6 hxg6 34. Kd3 b2 35. Kc3 Ra4 36. Bb6 Ra3+ 37. Kxb2 Rd3 38. Kc2 Rd7 39. Kc3 f5 40. Nb3 Kf6 41. c5 g5 42. Re1 Ke6 43. Nd2 Kd5 44. Nc4 Re7 45. Ne3+ Ke6 46. Rh1 e4 47. fxe4 fxe4 48. Kd4 Kd7 49. Rh6 1-0

[Event "FIDE WYCC Open U14 2023"]
[Site "Montesilvano"]
[Date "2023.11.15"]
[Round "3.23"]
[White "Sodbilegt, Naranbold"]
[Black "Ral Lustig, Melvin"]
[Result "1/2-1/2"]
[ECO "B90"]
[WhiteElo "2151"]
[BlackElo "1911"]
[Annotator "ChessBase"]
[PlyCount "92"]
[EventDate "2023.11.13"]
[EventType "swiss"]
[EventCountry "ITA"]
[SourceTitle "playchess.com"]
[Source "ChessBase"]
[SourceQuality "1"]
[TimeControl "40/5400+30:1800+30"]

1. e4 c5 2. Nf3 d6 3. d4 cxd4 4. Nxd4 Nf6 5. Nc3 a6 6. Be3 Nc6 7. f3 Nxd4 8. Qxd4 e5 9. Qd2 Be6 10. O-O-O Be7 11. g4 O-O 12. Rg1 b5 13. g5 Nd7 14. Nd5 Bxd5 15. exd5 Qc7 16. h4 Nb6 17. h5 Nc4 18. Bxc4 Qxc4 19. b3 Qc7 20. f4 Rac8 21. f5 Qc3 22. Qxc3 Rxc3 23. Rd3 Rxd3 24. cxd3 Rc8+ 25. Kb2 Bd8 26. b4 Kf8 27. a4 e4 28. axb5 axb5 29. d4 Rc4 30. Kb3 Bb6 31. Rd1 Ke7 32. Bf2 Kd7 33. Bg1 Bd8 34. Be3 Bb6 35. g6 fxg6 36. fxg6 hxg6 37. hxg6 Ke8 38. Bf2 Ke7 39. Re1 Kf6 40. Rxe4 Kxg6 41. Re6+ Kf5 42. Rxd6 Bxd4 43. Bxd4 Rxd4 44. Kc3 Rc4+ 45. Kb3 Rd4 46. Kc3 Rc4+ 1/2-1/2

[Event "FIDE WYCC Open U14 2023"]
[Site "Montesilvano"]
[Date "2023.11.15"]
[Round "3.24"]
[White "Artemov, Andriy"]
[Black "Myagmarsuren, Evsuld"]
[Result "1-0"]
[ECO "D14"]
[WhiteElo "1779"]
[BlackElo "2150"]
[Annotator "ChessBase"]
[PlyCount "121"]
[EventDate "2023.11.13"]
[EventType "swiss"]
[EventCountry "ITA"]
[SourceTitle "playchess.com"]
[Source "ChessBase"]
[SourceQuality "1"]
[TimeControl "40/5400+30:1800+30"]

1. d4 d5 2. c4 c6 3. cxd5 cxd5 4. Nc3 Nf6 5. Nf3 Nc6 6. Bf4 Bf5 7. e3 e6 8. Qb3 Bb4 9. Bb5 O-O 10. Bxc6 Bxc3+ 11. Qxc3 Rc8 12. Ne5 Ne4 13. Qa3 bxc6 14. Rc1 f6 15. Nd3 g5 16. Bg3 Rf7 17. Nc5 h5 18. Nxe4 Bxe4 19. f3 h4 20. Bxh4 gxh4 21. fxe4 dxe4 22. O-O f5 23. Qb3 Qe7 24. Rc5 Kh8 25. Qc2 Rg7 26. Qe2 Qg5 27. Rf4 Rcg8 28. Kh1 Rc8 29. Qf2 Rh7 30. Rxe4 Qh5 31. Rxe6 h3 32. Rc1 hxg2+ 33. Qxg2 Rg8 34. Qf2 f4 35. Re5 Qh3 36. exf4 Rhg7 37. Qe2 Rg4 38. Rf5 Rh4 39. Qe5+ Rg7 40. Rf8+ Kh7 41. Qf5+ Qxf5 42. Rxf5 Rd7 43. Rd1 Kg6 44. Rc5 Rxf4 45. Rxc6+ Kf5 46. Rc5+ Kf6 47. Rd2 Rf1+ 48. Kg2 Rf4 49. Rf2 Rdxd4 50. Rxf4+ Rxf4 51. Ra5 Rd4 52. b3 Rd7 53. Kf3 Rh7 54. Kg3 Rg7+ 55. Kf4 Rc7 56. h4 Kg6 57. h5+ Kh6 58. Ke4 Rd7 59. b4 Rb7 60. a3 Rd7 61. Rd5 1-0

[Event "FIDE WYCC Open U14 2023"]
[Site "Montesilvano"]
[Date "2023.11.15"]
[Round "3.25"]
[White "kiladze, Luka"]
[Black "Prokhorov, Aleksey"]
[Result "0-1"]
[ECO "E73"]
[WhiteElo "2145"]
[BlackElo "1869"]
[Annotator "NA"]
[PlyCount "100"]
[EventDate "2023.11.13"]
[EventType "swiss"]
[EventCountry "ITA"]
[SourceTitle "playchess.com"]
[Source "ChessBase"]
[SourceQuality "1"]
[TimeControl "40/5400+30:1800+30"]

1. d4 Nf6 2. c4 g6 3. Nc3 Bg7 4. e4 d6 5. Be2 O-O 6. Be3 c5 7. d5 e6 8. Nf3 exd5 9. cxd5 Bg4 10. Nd2 Bxe2 11. Qxe2 Nbd7 12. O-O Ne8 13. Rad1 Qe7 14. Rfe1 Nc7 15. a4 a6 16. a5 b6 17. axb6 Nxb6 18. f3 Rfb8 19. Ra1 Ra7 20. Ra2 Rab7 21. Rc1 Bd4 22. Nf1 Nd7 23. Nd1 Bg7 24. Rc2 Rb4 25. Nd2 f5 26. Nc3 Bd4 27. Bf2 fxe4 28. Ndxe4 Nb6 29. g3 Ra8 30. h4 a5 31. Rd2 Ncxd5 32. Bxd4 cxd4 33. Nb5 Qe5 34. Nbxd6 Ne3 35. Kh2 a4 36. Rd3 Nbd5 37. f4 Qe6 38. Raa3 Rd8 39. Kg1 Rxd6 40. Nxd6 Qxd6 41. b3 Qc5 42. Rxa4 Rxa4 43. bxa4 Qc1+ 44. Kf2 Nc3 45. Rxc3 Qxc3 46. Qa2+ Kg7 47. a5 Qc6 48. Qe2 Qh1 49. Qd3 Qg2+ 50. Ke1 Qg1+ 0-1

[Event "FIDE WYCC Open U14 2023"]
[Site "Montesilvano"]
[Date "2023.11.15"]
[Round "3.26"]
[White "Yessengali, Adizhan"]
[Black "Hobson, Kenneth"]
[Result "0-1"]
[ECO "A21"]
[WhiteElo "1725"]
[BlackElo "2142"]
[Annotator "NA"]
[PlyCount "110"]
[EventDate "2023.11.13"]
[EventType "swiss"]
[EventCountry "ITA"]
[SourceTitle "playchess.com"]
[Source "ChessBase"]
[SourceQuality "1"]
[TimeControl "40/5400+30:1800+30"]

1. c4 e5 2. Nc3 Bb4 3. Nd5 Be7 4. e3 Nf6 5. Nxe7 Qxe7 6. Ne2 O-O 7. Ng3 Nc6 8. Be2 d5 9. cxd5 Nxd5 10. O-O Be6 11. a3 a5 12. Bf3 Rad8 13. Qc2 f5 14. d3 Nb6 15. Bxc6 bxc6 16. Bd2 Qd7 17. Bxa5 f4 18. exf4 exf4 19. Ne4 f3 20. Bb4 Rfe8 21. Ng5 Bd5 22. d4 g6 23. g3 Re2 24. Qd3 Qg4 25. h4 Rde8 26. Rae1 Kg7 27. Kh2 Nc4 28. b3 Ne3 29. Qc3 Nxf1+ 30. Rxf1 h6 31. Nh3 g5 32. Rg1 Kf7 33. Qd3 R8e4 34. hxg5 hxg5 35. Rf1 Kg8 36. Bd2 Qh5 37. Bxg5 Be6 38. Bh4 Qf5 39. g4 Qh7 40. Qxf3 Qxh4 41. Rg1 R4e3 42. Qxe3 Rxe3 43. fxe3 Bxg4 44. Rg3 Kf8 45. Kg2 Bxh3+ 46. Rxh3 Qg4+ 47. Rg3 Qe2+ 48. Kh3 Qh5+ 49. Kg2 Qe2+ 50. Kh3 Qb2 51. Rg5 Qxa3 52. Kg3 Qxb3 53. Kf4 Ke7 54. Rg7+ Kf6 55. Rxc7 Qb8 0-1

[Event "FIDE WYCC Open U14 2023"]
[Site "Montesilvano"]
[Date "2023.11.15"]
[Round "3.27"]
[White "Bazilius, Augustinas"]
[Black "Yun, Hungi"]
[Result "1/2-1/2"]
[ECO "E10"]
[WhiteElo "2138"]
[BlackElo "1884"]
[Annotator "NA"]
[PlyCount "66"]
[EventDate "2023.11.13"]
[EventType "swiss"]
[EventCountry "ITA"]
[SourceTitle "playchess.com"]
[Source "ChessBase"]
[SourceQuality "1"]
[TimeControl "40/5400+30:1800+30"]

1. d4 Nf6 2. c4 e6 3. Nf3 d5 4. g3 Bb4+ 5. Bd2 Be7 6. Bg2 O-O 7. O-O c6 8. Qc2 Nbd7 9. Rd1 b6 10. Bf4 Ba6 11. Ne5 Rc8 12. cxd5 Nxd5 13. Nxc6 Nb4 14. Qa4 Nxc6 15. Bxc6 Bxe2 16. Re1 b5 17. Qxa7 Rxc6 18. Rxe2 g5 19. Bd2 Qc8 20. d5 Bc5 21. Qa5 exd5 22. Bxg5 Re8 23. Nc3 Ne5 24. Bf4 Nf3+ 25. Kg2 Rxe2 26. Nxe2 Qg4 27. Qd8+ Kg7 28. h3 Qf5 29. Nc3 Qc2 30. Rf1 Ne1+ 31. Kg1 Nf3+ 32. Kg2 Ne1+ 33. Kg1 Nf3+ 1/2-1/2

[Event "FIDE WYCC Open U14 2023"]
[Site "Montesilvano"]
[Date "2023.11.15"]
[Round "3.28"]
[White "Malinowsky, Levi"]
[Black "Lira, Suan Bruno Fernandes"]
[Result "0-1"]
[ECO "B12"]
[WhiteElo "2135"]
[BlackElo "1858"]
[Annotator "NA"]
[PlyCount "114"]
[EventDate "2023.11.13"]
[EventType "swiss"]
[EventCountry "ITA"]
[SourceTitle "playchess.com"]
[Source "ChessBase"]
[SourceQuality "1"]
[TimeControl "40/5400+30:1800+30"]

1. e4 c6 2. d4 d5 3. e5 Bf5 4. h4 h5 5. Bg5 Qb6 6. Bd3 Bxd3 7. Qxd3 e6 8. Nd2 c5 9. c4 Qxb2 10. Rd1 Nc6 11. Ne2 Nb4 12. Qf3 Nc2+ 13. Kf1 Nxd4 14. Nxd4 Qxd4 15. cxd5 Qxd5 16. Ne4 Qxe5 17. Rh3 Qc7 18. Qc3 f6 19. Re3 Be7 20. Red3 Rd8 21. Rxd8+ Bxd8 22. Nd6+ Kf8 23. Bf4 e5 24. Be3 Be7 25. Qc4 Bxd6 26. Rxd6 Ne7 27. Qe6 Ke8 28. f4 Rf8 29. Kg1 Qc8 30. fxe5 Qxe6 31. Rxe6 b6 32. Bf4 Kf7 33. Rd6 fxe5 34. Bxe5 Nf5 35. Rc6 Re8 36. Bc3 Re7 37. a4 Rd7 38. Rc8 Nxh4 39. a5 Nf5 40. Be5 Ne7 41. Rh8 Nc6 42. axb6 Nxe5 43. Rxh5 Ke6 44. bxa7 Rxa7 45. g4 Ra2 46. Rh7 g6 47. g5 Nf3+ 48. Kf1 Nxg5 49. Rh4 Kf5 50. Rh8 Ne6 51. Kg1 Ra7 52. Kf2 Rc7 53. Ke1 c4 54. Kd1 c3 55. Rh4 g5 56. Rh2 Nd4 57. Kc1 c2 0-1